 Dungeon Crawl Stone Soup version 0.21.1-1-g345015f (webtiles) character file.

2410 spiff the Skirmisher (level 9, -5/57 HPs)
             Began as a Gargoyle Earth Elementalist on June 25, 2018.
             Was an Initiate of Kikubaaqudgha.
             Slain by an orc warrior
             ... wielding a +0 glaive
              (10 damage)
             ... on level 6 of the Dungeon.
             The game lasted 00:26:47 (7523 turns).

spiff the Skirmisher (Gargoyle Earth Elementalist)  Turns: 7523, Time: 00:26:48

Health: -5/57      AC: 13    Str: 13    XL:     9   Next: 47%
Magic:  8/18       EV: 12    Int: 20    God:    Kikubaaqudgha [......]
Gold:   129        SH:  0    Dex: 10    Spells: 10/20 levels left

rFire    . . .     SeeInvis +   w - +2 falchion (vamp)
rCold    . . .     Gourm    .   (no shield)
rNeg     + . .     Faith    .   B - +2 robe {MR+}
rPois    ∞         Spirit   .   (no helmet)
rElec    +         Reflect  .   s - +1 cloak
rCorr    .         Harm     .   a - +0 pair of gloves
MR       +....                  (no boots)
Stlth    ++........             (no amulet)
HPRegen  0.19/turn              p - ring of see invisible
MPRegen  0.16/turn              J - +2 ring of intelligence

@: no status effects
A: negative energy resistance 1, electricity resistance, unbreathing,
petrification resistance, rot immunity, AC +6
a: Renounce Religion


You were on level 6 of the Dungeon.
You worshipped Kikubaaqudgha.
Kikubaaqudgha was noncommittal.
You were not hungry.

You visited 2 branches of the dungeon, and saw 8 of its levels.

You collected 323 gold pieces.
You spent 194 gold pieces at shops.

Inventory:

Hand Weapons
 i - a +0 dagger
 t - a +0 blowgun
 w - a +2 vampiric falchion (weapon)
 I - a cursed -2 whip
Missiles
 b - 113 stones (quivered)
 u - 23 poisoned needles
 y - 3 throwing nets
Armour
 a - a +0 pair of gloves (worn)
 n - a +0 ring mail
 s - a +1 cloak (worn)
 B - a +2 robe of magic resistance (worn)
Jewellery
 p - a ring of see invisible (left hand)
 J - a +2 ring of intelligence (right hand)
 K - an uncursed amulet of faith
Wands
 A - a wand of polymorph (11)
 C - a wand of flame (26)
 E - a wand of acid (10)
Scrolls
 f - a scroll of magic mapping
 l - 2 scrolls of teleportation
 r - 7 scrolls of identify
 F - 2 scrolls of fog {unknown}
 M - a scroll of enchant weapon {unknown}
 N - 2 scrolls of amnesia
Potions
 c - a potion of ambrosia {unknown}
 g - 5 potions of heal wounds {unknown}
 h - 4 potions of curing
 j - a potion of mutation {unknown}
 k - 2 potions of flight
 m - 3 potions of degeneration {unknown}
 o - a potion of invisibility {unknown}
 v - a potion of magic {unknown}
 x - 4 potions of agility
 z - 2 potions of might {unknown}
 G - a potion of brilliance {unknown}
 H - a potion of lignification {unknown}
Books
 e - a book of Geomancy

   Spells                             Type                      Level
   a - Sandblast                      Earth                        1
   b - Passwall                       Transmutation/Earth          2
   c - Stone Arrow                    Conjuration/Earth            3
   d - Petrify                        Transmutation/Earth          4
   e - Lee's Rapid Deconstruction     Earth                        5
 q - a book of Cantrips

   Spells                             Type                      Level
   a - Confusing Touch                Hexes                        1
   b - Animate Skeleton               Necromancy                   1
   c - Summon Small Mammal            Summoning                    1
   d - Apportation                    Translocation                1
Comestibles
 d - 13 rations
 D - 3 chunks of flesh


   Skills:
 + Level 7.6 Fighting
 - Level 1.5 Dodging
 - Level 2.1 Stealth
 - Level 6.0 Spellcasting
 - Level 5.0 Conjurations
 - Level 3.3 Necromancy
   Level 0.7 Transmutations
 - Level 7.0 Earth Magic


You had 10 spell levels left.
You knew the following spells:

 Your Spells              Type           Power        Failure   Level  Hunger
a - Sandblast             Erth           ####..       1%          1    None
b - Stone Arrow           Conj/Erth      ####..       2%          3    ##.....
c - Animate Skeleton      Necr           N/A          2%          1    None
d - Lee's Rapid Deconstr  Erth           ####......   16%         5    #####..


Dungeon Overview and Level Annotations

Branches:
Dungeon (7/15)             Temple (1/1) D:7

Altars:
Ashenzari
Cheibriados
Dithmenos
Elyvilon
Fedhas
Gozag
Hepliaklqana
Kikubaaqudgha
Makhleb
Nemelex Xobeh
Okawaru
Qazlal
Ru
Sif Muna
Trog
Uskayaw
Vehumet
Wu Jian
Xom
Zin
The Shining One

Shops:
D:4 [   D:5 :?   D:6 !   D:7 :

Annotations:
D:3 1 runed door
D:5 twistedcrescendo's ghost, novice TeAE


Innate Abilities, Weirdness & Mutations

You are resistant to torment.
Your stone body is resilient. (AC +6)
You are immune to poison.
You resist negative energy. (rN+)
You are resistant to electric shocks. (rElec)
You can survive without breathing.
You are immune to petrification.
You are immune to rotting.


Message History

* * * LOW HITPOINT WARNING * * *
Casting: Sandblast
Confirm with . or Enter, or press ? or * to list all spells.
Aiming: Sandblast
Press: ? - help, Shift-Dir - straight line, f/p - orc warrior
Aim: an orc warrior, wielding a glaive and wearing a chain mail (severely wounded)
The blast of sand misses the orc warrior.
b - 114 stones Your orc warrior skeleton closely misses the orc warrior.
Casting: Sandblast
Confirm with . or Enter, or press ? or * to list all spells.
Aiming: Sandblast
Press: ? - help, Shift-Dir - straight line, f/p - orc warrior
Aim: an orc warrior, wielding a glaive and wearing a chain mail (severely wounded)
The blast of sand hits the orc warrior.
The orc warrior is almost dead.
b - 113 stones The orc warrior hits you with a glaive!
You die...
Kikubaaqudgha rasps: "You have failed me!
Welcome... oblivion!"

######..###.....<#
...#.....#.......#
...#.....#.......#
...#.....#.......#
<..#.....#.......#
...#.....'.......#
...#.....#.......#
...#.....#.....oZ#
...###'#####....@#
#####...######'###
#.......#.....#
#.......#....>#
#[......+.....#
#..##'###.....#
####...##.....#
#...........#
#...........#


You could see an orc warrior and a friendly orc warrior skeleton.

Vanquished Creatures
  An orc warrior (D:6)
  2 sky beasts (D:7)
  A phantom (D:6)
  An ice beast (D:6)
  3 ogres (D:7)
  2 centaurs (D:7)
  Blork the orc (D:6)
  3 bullfrogs
  3 scorpions
  3 howler monkeys (D:6)
  A crimson imp (D:6)
  A centaur skeleton (D:7)
  3 orc priests
  4 hounds
  A jelly (D:6)
  2 iguanas
  An orc wizard (D:4)
  5 worker ants
  2 hound skeletons
  7 adders
  2 shadow imps
  An adder skeleton (D:7)
  5 leopard geckos
  11 orcs
  12 giant cockroaches
  7 goblins
  7 hobgoblins
  12 jackals
  5 kobolds
  A ball python (D:1)
  5 bats
  4 frilled lizards
  4 rats
123 creatures vanquished.

Vanquished Creatures (collateral kills)
  The ghost of nicolaieve the Cleaver, a novice MiBe of Trog (D:6)
  A crimson imp (D:7)
  A centaur zombie (D:7)
  2 orc wizards (D:6)
  5 orcs
  A frilled lizard (D:4)
11 creatures vanquished.

Grand Total: 134 creatures vanquished

Notes
Turn   | Place    | Note
-------+----------+-------------------------------------------
     0 | D:1      | spiff the Gargoyle Earth Elementalist began the quest for the Orb.
     0 | D:1      | Reached XP level 1. HP: 10/10 MP: 3/3
   241 | D:1      | Reached XP level 2. HP: 12/15 MP: 1/5
   958 | D:1      | Reached XP level 3. HP: 11/20 MP: 3/6
  1218 | D:1      | Learned a level 3 spell: Stone Arrow
  1457 | D:2      | Reached skill level 1 in Fighting
  1745 | D:2      | Learned a level 1 spell: Animate Skeleton
  1845 | D:2      | Found a burning altar of Makhleb.
  1863 | D:2      | Reached XP level 4. HP: 25/25 MP: 3/8
  2326 | D:3      | Found a runed door.
  2748 | D:3      | You fall through a shaft for 2 floors!
  2748 | D:5      | Entered Level 5 of the Dungeon
  2772 | D:5      | Reached skill level 1 in Necromancy
  2772 | D:5      | Reached XP level 5. HP: 25/30 MP: 9/9
  2835 | D:5      | Noticed twistedcrescendo's ghost (novice TeAE)
  2861 | D:6      | Noticed an ice beast
  2862 | D:5      | Reached skill level 5 in Earth Magic
  2941 | D:5      | Found an iron altar of Okawaru.
  3025 | D:4      | Reached skill level 1 in Conjurations
  3364 | D:4      | Reached XP level 6. HP: 32/36 MP: 2/11
  3474 | D:4      | Found Coruqefa's Armour Shop.
  3904 | D:5      | Learned a level 5 spell: Lee's Rapid Deconstruction
  4195 | D:5      | Found a glowing golden altar of the Shining One.
  4197 | D:5      | Found an opulent altar of Gozag.
  4392 | D:5      | Found Caasisey's Book Shoppe.
  4486 | D:5      | Found Otysiqawn's Magic Scroll Boutique.
  4824 | D:3      | Reached XP level 7. HP: 39/41 MP: 8/12
  5065 | D:4      | Bought a +2 robe of magic resistance for 194 gold pieces
  5162 | D:6      | Noticed Blork the orc
  5448 | D:6      | Reached XP level 8. HP: 20/48 MP: 9/14
  5639 | D:6      | Killed Blork the orc
  5755 | D:6      | Noticed nicolaieve's ghost (novice MiBe)
  5786 | D:6      | Killed nicolaieve's ghost
  6110 | D:6      | Found Nuvat's Distillery.
  6307 | D:6      | Reached skill level 5 in Spellcasting
  6324 | D:6      | Reached skill level 5 in Fighting
  6406 | D:7      | Reached XP level 9. HP: 38/54 MP: 15/17
  6513 | D:7      | Reached skill level 5 in Conjurations
  6520 | D:7      | Found a staircase to the Ecumenical Temple.
  6542 | Temple   | Entered the Ecumenical Temple
  6726 | Temple   | Became a worshipper of Kikubaaqudgha
  7093 | D:7      | Found Piffel's Book Emporium.
  7523 | D:6      | Slain by an orc warrior

Skill      XL: |  1  2  3  4  5  6  7  8  9 |
---------------+----------------------------+-----
Earth Magic    | 4 5 6 7 |  7.0
Fighting       | 1 2 3 4 5 7 |  7.6
Spellcasting   | 3 4 5 6 |  6.0
Necromancy     | 1 2 3 |  3.3
Conjurations   | 1 2 3 4 5 |  5.0
Dodging        | |  1.5
Stealth        | |  2.1
Transmutations | |  0.7

Action                   |  1- 3 |  4- 6 |  7- 9 || total
-------------------------+-------+-------+-------++-------
Melee: Club              |    48 |       |       ||    48
       Dagger            |    88 |    91 |       ||   179
       Falchion          |       |    67 |   158 ||   225
 Cast: Sandblast         |    21 |    31 |    82 ||   134
       Stone Arrow       |     2 |     5 |     2 ||     9
       Animate Skeleton  |       |     8 |    20 ||    28
  Use: Scroll            |       |     5 |     2 ||     7
       Potion            |       |     1 |       ||     1
 Stab: Sleeping          |     1 |     2 |       ||     3
       Distracted        |       |       |     1 ||     1
  Eat: Chunk             |     4 |     6 |     7 ||    17
       Ration            |       |     2 |     1 ||     3
Armor: Robe              |    39 |       |     2 ||    41
       Ring mail         |    28 |   123 |   140 ||   291
Dodge: Dodged            |   122 |   119 |   148 ||   389
       Rpst.: Falchion   |       |    24 |    47 ||    71
